 Dungeon Crawl Stone Soup version 0.26-a0-664-gc8b27b8fc1 (webtiles) character file.

Game seed: 5676694511924154168

324793 Ijustatesigmund the Ninja (level 20, -27/115 HPs)
             Began as a Spriggan Brigand on Oct 12, 2020.
             Was a High Priest of Okawaru.
             Killed from afar by a deep elf annihilator (73 damage)
             ... with a crystal spear
             ... led by an ironheart preserver
             ... on level 3 of the Vaults on Oct 13, 2020.
             The game lasted 03:39:42 (78668 turns).

Ijustatesigmund the Ninja (Spriggan Brigand)       Turns: 78668, Time: 03:39:42

Health: -27/115    AC: 16    Str:  9    XL:     20   Next: 72%
Magic:  0/33       EV: 36    Int: 18    God:    Okawaru [*****.]
Gold:   975        SH: 19    Dex: 27    Spells: 21/32 levels left

rFire    . . .     SeeInvis +   o - +9 quick blade
rCold    + + .     Faith    .   T - +3 buckler {rC+}
rNeg     + + .     Spirit   +   E - quicksilver dragon scales "Dicax" {+Blink rC+ MR+ Int-2 Dex+4}
rPois    .         Reflect  +   U - +2 hat of the Bear Spirit {Spirit, +Rage rN+ MR++}
rElec    +         Harm     .   e - scarf {repulsion}
rCorr    +         Rampage  .   (gloves unavailable)
MR       +++++                  (boots unavailable)
Stlth    ++++++++++             C - amulet of reflection
HPRegen  0.29/turn              Q - ring "Oniomp" {rElec rN+ Int+4 Stlth+}
MPRegen  0.23/turn              z - ring of resist corrosion

@: lethally poisoned (-27 -> -33), about to teleport, heroism, finesse, repel
missiles, very quick
A: very small, unfitting armour, thin skeletal structure 1, see invisible, speed
3, robust 1
}: 2/15 runes: barnacled, gossamer
a: Heroism, Finesse, Renounce Religion, Evoke Blink, Evoke Berserk Rage


You were on level 3 of the Vaults.
You worshipped Okawaru.
Okawaru was extremely pleased with you.
You visited 8 branches of the dungeon, and saw 37 of its levels.
You visited 1 bazaar.
You also visited: Sewer and Ice Cave.

You collected 4250 gold pieces.
You spent 3275 gold pieces at shops.

Inventory:

Hand Weapons
 b - the +11 hunting sling "Diclu" {venom, rF+ MR++}
   (You found it on level 1 of the Shoals)

   It poisons the ammo it fires.
   It protects you from fire.
   It affects your resistance to hostile enchantments.
 o - a +9 quick blade (weapon)
 F - a +9 rapier of draining
Missiles
 d - 54 poisoned darts (quivered)
 v - 8 atropa-tipped darts
 y - 476 sling bullets
 A - 3 curare-tipped darts
 O - 3 datura-tipped darts
Armour
 c - a +2 cloak of preservation
 e - a scarf of repulsion (worn)
 E - the quicksilver dragon scales "Dicax" (worn) {+Blink rC+ MR+ Int-2 Dex+4}
   (Okawaru gifted it to you on level 3 of the Spider Nest)

   It affects your intelligence (-2).
   It affects your dexterity (+4).
   It protects you from cold.
   It affects your resistance to hostile enchantments.
   It lets you blink.
 T - a +3 buckler of cold resistance (worn)
 U - the +2 hat of the Bear Spirit (worn) {Spirit, +Rage rN+ MR++}
   (You found it on level 13 of the Dungeon)

   It protects you from negative energy.
   It affects your resistance to hostile enchantments.
   It lets you go berserk.
 Z - a scarf of shadows
Jewellery
 q - an uncursed ring of poison resistance
 x - an uncursed ring of protection from cold
 z - a ring of resist corrosion (right hand)
 B - a +4 ring of protection
 C - an amulet of reflection (around neck)
 D - an uncursed ring of protection from cold
 I - an uncursed ring of wizardry
 L - a +4 ring of evasion
 Q - the ring "Oniomp" (left hand) {rElec rN+ Int+4 Stlth+}
   (You found it on level 6 of the Lair of Beasts)

   [ring of positive energy]

   It affects your intelligence (+4).
   It insulates you from electricity.
   It protects you from negative energy.
   It makes you more stealthy.
Wands
 n - a wand of digging (14)
 p - a wand of acid (22)
 N - a wand of polymorph (13)
 V - a wand of iceblast (1)
 W - a wand of enslavement (4)
 Y - a wand of disintegration (13)
Scrolls
 a - a scroll of fog
 h - 5 scrolls of teleportation
 t - 9 scrolls of identify
 u - 18 scrolls of remove curse
 H - 5 scrolls of magic mapping
 J - a scroll of enchant armour
 K - a scroll of fear
 P - a scroll of silence
 R - 3 scrolls of holy word
 S - 2 scrolls of amnesia
 X - 6 scrolls of immolation
Potions
 f - 8 potions of flight
 g - 13 potions of haste
 i - 6 potions of brilliance
 j - 6 potions of mutation
 k - 9 potions of might
 l - 5 potions of stabbing
 m - 7 potions of ambrosia
 r - 10 potions of curing
 s - 11 potions of heal wounds
 w - 2 potions of cancellation
 G - 3 potions of resistance
 M - 4 potions of magic


   Skills:
 - Level 11.4(16.4) Fighting
 - Level 14.2(19.2) Short Blades
 - Level 6.2(12.1) Slings
 - Level 4.3(10.4) Throwing
 - Level 9.6(14.6) Armour
 + Level 17.1(22.1) Dodging
 O Level 27 Stealth
 - Level 8.0(13.0) Shields
 + Level 6.7 Spellcasting
 + Level 12.9 Translocations
 - Level 3.1 Air Magic
 - Level 17.5 Invocations
 - Level 8.6 Evocations


You had 21 spell levels left.
You knew the following spells:

 Your Spells              Type           Power        Failure   Level
a - Magic Dart            Conj           #...         22%         1
b - Swiftness             Air            ###.....     9%          2
c - Apportation           Tloc           ######       1%          1
d - Lesser Beckoning      Tloc           ######....   1%          3
e - Passage of Golubria   Tloc           N/A          1%          4

Your spell library contained the following spells:

 Spells                   Type           Power        Failure   Level
 Gell's Gravitas          Tloc           ######....   1%          3
 Portal Projectile        Hex/Tloc       ####..       4%          3
 Iskenderun's Mystic Bla  Conj/Tloc      ####....     16%         4
 Dispersal                Tloc           ######....   16%         6
 Poisonous Vapours        Pois/Air       ##....       17%         2
 Animate Skeleton         Necr           #.....       22%         1
 Sting                    Tmut/Pois      #...         22%         1
 Passwall                 Tmut/Erth      #.......     32%         2
 Searing Ray              Conj           #.....       32%         2
 Mephitic Cloud           Conj/Pois/Air  #.......     38%         3
 Dazzling Flash           Conj/Hex       #.....       54%         3
 Ignite Poison            Fire/Tmut/Pois #.......     54%         3
 Tukima's Dance           Hex            #.......     54%         3
 Vampiric Draining        Necr           #.........   54%         3
 Summon Lightning Spire   Summ/Air       ##......     75%         4
 Dispel Undead            Necr           #.......     91%         4
 Fulminant Prism          Conj/Hex       #.........   91%         4
 Ice Form                 Ice/Tmut       #.......     91%         4
 Olgreb's Toxic Radiance  Pois           #.......     91%         4
 Silence                  Hex/Air        ##........   97%         5
 Alistair's Intoxication  Tmut/Pois      #........    99%         5
 Bolt of Magma            Conj/Fire/Erth #.........   99%         5
 Borgnjor's Vile Clutch   Necr/Erth      #.........   99%         5
 Iskenderun's Battlesphe  Conj           #.......     99%         5
 Lee's Rapid Deconstruct  Erth           #.........   99%         5
 Metabolic Englaciation   Hex/Ice        #.........   99%         5
 Conjure Ball Lightning   Conj/Air       ##........   100%        6
 Freezing Cloud           Conj/Ice/Air   #.........   100%        6
 Hydra Form               Tmut           #.........   100%        6
 Invisibility             Hex            #.......     100%        6
 Iron Shot                Conj/Erth      #.........   100%        6
 Ozocubu's Refrigeration  Ice            #.........   100%        6
 Shadow Creatures         Summ           N/A          100%        6
 Simulacrum               Ice/Necr       #.........   100%        6
 Orb of Destruction       Conj           #.........   100%        7
 Spellforged Servitor     Conj/Summ      #.........   100%        7
 Disjunction              Tloc           ######....   100%        8
 Tornado                  Air            ###.......   100%        9


Dungeon Overview and Level Annotations

Branches:
Dungeon (15/15)            Temple (1/1) D:7            Lair (6/6) D:8
 Shoals (4/4) Lair:2       Spider (4/4) Lair:3        Slime (0/5) Lair:5
    Orc (2/2) D:12            Elf (0/3) Orc:2        Vaults (4/5) D:14
  Crypt (0/3) Vaults:2     Depths (1/5) D:15          Sewer (visited)
  IceCv (visited)

Altars:
Ashenzari
Cheibriados
Dithmenos
Elyvilon
Fedhas
Gozag
Hepliaklqana
Kikubaaqudgha
Makhleb
Nemelex Xobeh
Okawaru
Qazlal
Ru
Sif Muna
Trog
Uskayaw
Vehumet
Wu Jian
Xom
Yredelemnul
Zin
The Shining One
Beogh

Shops:
D:6 (   D:12 [   Orc:1 :   Orc:2 [(([   Shoals:1 [(   Shoals:2 !![=[
Shoals:4 *

Portals:
Hell: Depths:1

Annotations:
Lair:5 exclusion: 4 oklob plants


Innate Abilities, Weirdness & Mutations

You are very small and have problems with some larger weapons.
You are too small for most types of armour.
You have supernaturally acute eyesight. (SInv)
You cover ground extremely quickly.
You have a somewhat thin skeletal structure. (Dex +2, Stealth)
You are robust. (+10% HP)


Message History

You block the vault warden's attack.
The deep elf annihilator gestures at you while chanting.
The poison arrow is repelled.
The poison arrow hits the orc warrior!!
The orc warrior looks as sick as possible!
The orc warrior dies!
You hit the deep elf annihilator.
The deep elf annihilator is heavily wounded.
You puncture the deep elf annihilator!
The deep elf annihilator is severely wounded.
You hit the deep elf annihilator.
The deep elf annihilator is severely wounded.
You puncture the deep elf annihilator!
The deep elf annihilator is almost dead.
You feel sick.
You barely miss the deep elf annihilator.
The deep elf annihilator is almost dead.
The deep elf annihilator casts a spell at you.
The crystal spear hits you!!!!
Ouch! That really hurt!
You die...

########### ..........# #
..........# ##.##
.|........' .....
..........# .8..
..........# ....
..........# #.##
#########+##############+##
#....e@pO##.##.##.##.##
#..[...#p9..[..o..p...e
#..<[..#......p....(.p.
#......#...[....(.....o
#......#.##.##.##.##.##
#......################
########


You could see a vault warden, a deep elf annihilator, a two-headed ogre, a war
gargoyle and an ironbrand convoker (catching breath).

Vanquished Creatures
  Sojobo (Vaults:2)
  Bai Suzhen (Vaults:2)
  Nikola (Shoals:4)
  A lich (Vaults:4)
  Jorgrun (Orc:1)
  Frances (D:14)
  Polyphemus (Shoals:4)
  Agnes (D:15)
  A sphinx (Vaults:2)
  Donald (Spider:1)
  2 tengu reavers (Vaults:3)
  A fire giant (Vaults:4)
  4 ghost moths
  Ilsuiw (Shoals:2)
  4 frost giants
  Aizul (Shoals:3)
  5 emperor scorpions
  An orc warlord (Orc:2)
  6 vault wardens
  Louise (Spider:3)
  A war gargoyle (Vaults:4)
  10 ironheart preservers
  A ghoul (Vaults:2)
  8 stone giants
  3 very ugly things
  An entropy weaver (Spider:3)
  2 spark wasps (Spider:3)
  An eidolon (Vaults:2)
  9 merfolk javelineers
  2 ettins (Vaults:4)
  8 yaktaur captains
  9 merfolk impalers
  2 fire dragons (Vaults:1)
  2 great orbs of eyes
  Erolcha (D:12)
  9 ogre magi
  Harold (D:11)
  2 rakshasas
  9 boulder beetles
  2 ice dragons
  7 hydras
  A catoblepas (Shoals:3)
  7 centaur warriors
  A death knight (Vaults:3)
  3 deep troll shamans
  3 satyrs
  4 merfolk avatars
  7 death yaks
  A tengu warrior (D:13)
  8 merfolk aquamancers
  2 alligator snapping turtles
  2 deep troll earth magi
  21 two-headed ogres
  An orc high priest (Orc:2)
  A vampire mage (Vaults:2)
  2 shadow wraiths
  A storm dragon zombie (D:15)
  An iron troll (D:15)
  2 skeletal warriors
  12 sea snakes
  A golden dragon zombie (D:15)
  7 unseen horrors
  19 deep trolls
  2 wizards (Vaults:3)
  A glowing orange brain (Vaults:3)
  A flayed ghost (Depths:1)
  18 orc knights
  7 ironbrand convokers
  A phantasmal warrior (D:15)
  2 orb spiders (shapeshifter)
  2 necromancers
  A wolf spider zombie (D:15)
  10 ugly things
  6 harpies
  12 orb spiders
  2 deep elf magi
  24 wolf spiders
  6 orc sorcerers
  A fire giant zombie (Vaults:2)
  12 cyclopes
  13 manticores
  21 fauns
  12 black mambas
  23 elephants
  Maurice (D:8)
  3 centaur zombies
  A fire giant skeleton (D:15)
  2 moths of wrath (Spider:2)
  7 merfolk sirens
  10 vault sentinels
  An ice statue (IceCv)
  A human skeleton (Vaults:2)
  4 water nymphs
  3 gargoyles
  A centaur skeleton (D:13)
  2 orange demons (D:11)
  2 torpor snails
  A kobold demonologist (D:9)
  12 cane toads
  23 demonic crawlers
  21 yaktaurs
  10 rime drakes
  5 komodo dragons
  A tengu conjurer (D:13)
  4 freezing wraiths
  6 trolls
  A guardian mummy (D:15)
  2 red devils (D:11)
  3 meliai (D:15)
  16 polar bears
  28 merfolk
  A hornet (shapeshifter) (Depths:1)
  36 jumping spiders
  9 wind drakes
  2 meliai (shapeshifter)
  A tengu simulacrum (Vaults:2)
  11 blink frogs
  24 hornets
  26 slime creatures
  A harpy skeleton (D:15)
  12 dream sheep
  12 snapping turtles
  A meliai zombie (D:13)
  98 redbacks
  A shadow (D:14)
  33 tarantellas
  70 yaks
  2 humans (shapeshifter)
  A vampire (D:14)
  5 water elementals
  5 wraiths
  A yak (shapeshifter) (Vaults:4)
  5 wyverns
  A steam dragon (D:13)
  A golden eye (shapeshifter) (Vaults:2)
  3 basilisks
  8 wargs
  6 vampire mosquitoes
  3 swamp worms (Lair:2)
  A soldier ant (D:13)
  14 water moccasins
  48 orc warriors
  7 ice beasts
  4 sky beasts
  A black bear (D:11)
  6 phantoms
  A human zombie (Vaults:2)
  2 necrophages
  11 boggarts
  24 centaurs
  55 wolves
  An eye of draining (D:15)
  31 ogres
  14 big kobolds
  20 bullfrogs
  2 wyvern zombies
  5 scorpions
  4 howler monkeys
  7 spriggan skeletons
  7 killer bees
  A troll skeleton (D:10)
  A wight (D:14)
  3 electric eels
  2 bullfrog zombies
  13 hounds
  Crazy Yiuf (D:5)
  4 jellies
  31 orc priests
  A gnoll shaman (D:8)
  26 orc wizards
  A bullfrog skeleton (D:12)
  An iguana (D:6)
  Natasha (thrice) (D:4)
  9 worker ants
  A hound skeleton (D:8)
  14 adders
  10 gnolls
  6 river rats (Sewer)
  A worker ant zombie (D:10)
  3 shadow imps
  16 white imps
  2 oozes
  2 adder skeletons
  2 worms
  3 dart slugs
  9 leopard geckos
  125 orcs
  8 giant cockroaches
  10 hobgoblins
  7 jackals
  44 kobolds
  5 quokkas
  5 ball pythons
  9 bats
  8 frilled lizards
  8 goblins
  A jackal skeleton (D:4)
  6 kobold skeletons (D:9)
  12 kobold zombies (D:9)
  2 leopard gecko skeletons (D:4)
  A quokka skeleton (D:4)
  28 rats
1670 creatures vanquished.

Vanquished Creatures (collateral kills)
  2 death yaks (Shoals:3)
  A yak (D:8)
  3 orc warriors (Orc:2)
  A gnoll sergeant (D:8)
  2 hobgoblins (D:8)
  A kobold (D:8)
10 creatures vanquished.

Vanquished Creatures (others)
  A vault warden (Vaults:3)
  A death knight (Vaults:4)
  An unseen horror (shapeshifter) (Depths:1)
  A wizard (D:4)
  A polar bear (IceCv)
  2 hornets (Spider:1)
  A yak (D:8)
  An orc warrior (Vaults:3)
  A sky beast (D:14)
  A jelly (D:8)
  2 orc priests (D:8)
  An orc wizard (Orc:1)
  2 orcs (D:14)
  26 fungi
  162 plants
  5 withered plants (D:15)
209 creatures vanquished.

Grand Total: 1889 creatures vanquished

Notes
Turn   | Place    | Note
-------+----------+-------------------------------------------
     0 | D:1      | Ijustatesigmund the Spriggan Brigand began the quest for
                  | the Orb.
     0 | D:1      | Reached XP level 1. HP: 10/10 MP: 2/2
   196 | D:1      | Found a broken altar of Ashenzari.
   355 | D:1      | Reached XP level 2. HP: 13/15 MP: 3/3
   853 | D:1      | Reached XP level 3. HP: 18/18 MP: 4/4
  1301 | D:2      | Reached XP level 4. HP: 14/23 MP: 5/5
  1581 | D:2      | Reached skill level 6 in Stealth
  2528 | D:2      | Found a sacrificial altar of Ru.
  2528 | D:2      | Found a shadowy altar of Dithmenos.
  3536 | D:3      | Reached XP level 5. HP: 27/27 MP: 6/6
  3928 | D:4      | Noticed an ogre
  3960 | D:3      | Killed an ogre
  3960 | D:3      | Reached skill level 7 in Stealth
  4066 | D:4      | Noticed an orc warrior
  4600 | D:3      | Reached XP level 6. HP: 9/31 MP: 7/7
  4933 | D:4      | You fall into a shaft and drop 3 floors!
  4973 | D:5      | Entered Level 5 of the Dungeon
  5041 | D:5      | Found the +12 glaive of Prune {vorpal}
  5217 | D:5      | Noticed an ice beast
  5284 | D:5      | Found a glowing drain.
  5293 | Sewer    | Entered a sewer
  5810 | Sewer    | Reached skill level 5 in Short Blades
  6763 | Sewer    | Reached XP level 7. HP: 18/36 MP: 8/8
  7465 | D:4      | Reached skill level 5 in Dodging
  7580 | D:4      | Noticed Natasha
  7610 | D:4      | HP: 1/36 [Natasha/magic dart (9)]
  7625 | D:4      | Killed Natasha
  7640 | D:4      | Noticed Natasha
  7652 | D:4      | Killed Natasha
  7959 | D:4      | Reached XP level 8. HP: 42/42 MP: 9/9
  8248 | D:4      | Noticed Natasha
  8267 | D:4      | Killed Natasha
  8408 | D:4      | Found a bloodstained altar of Trog.
  8410 | D:4      | Noticed a wizard
  8418 | D:4      | Killed a wizard
  9512 | D:5      | Found a runed translucent door.
  9513 | D:5      | Noticed Crazy Yiuf
  9520 | D:5      | Killed Crazy Yiuf
  9567 | D:5      | Reached skill level 5 in Slings
  9833 | D:6      | Reached skill level 8 in Stealth
  9972 | D:6      | Found Tynil's Weapon Emporium.
 10153 | D:6      | Found an ornate altar of the Wu Jian Council.
 10564 | D:6      | Gained mutation: You have a somewhat thin skeletal
                  | structure. (Dex +2, Stealth) [potion of mutation]
 10564 | D:6      | Gained mutation: You are robust. (+10% HP) [potion of
                  | mutation]
 10588 | D:6      | Learned a level 1 spell: Magic Dart
 11224 | D:7      | Reached XP level 9. HP: 50/50 MP: 10/10
 11280 | D:7      | Reached skill level 9 in Stealth
 11949 | D:7      | Reached skill level 5 in Fighting
 11974 | D:7      | Found a stormy altar of Qazlal.
 11991 | D:7      | Found a shimmering blue altar of Sif Muna.
 12122 | D:7      | Found a staircase to the Ecumenical Temple.
 12130 | Temple   | Entered the Ecumenical Temple
 12336 | Temple   | Became a worshipper of Warmaster Okawaru
 12773 | D:8      | Reached skill level 1 in Invocations
 12823 | D:8      | Found a hide-covered altar of Uskayaw.
 13087 | D:8      | Found a sparkling altar of Nemelex Xobeh.
 13169 | D:8      | Reached * piety under Okawaru
 14366 | D:8      | Noticed Maurice
 14398 | D:8      | Killed Maurice
 14398 | D:8      | Reached ** piety under Okawaru
 14398 | D:8      | Reached XP level 10. HP: 54/58 MP: 12/14
 14561 | D:6      | Bought a +4 rapier of draining for 379 gold pieces
 14672 | D:8      | Found a staircase to the Lair.
 14863 | D:9      | Reached skill level 10 in Stealth
 15152 | D:8      | Reached skill level 11 in Stealth
 15287 | D:9      | Noticed a gargoyle
 15292 | D:9      | Killed a gargoyle
 15330 | D:9      | Reached skill level 12 in Stealth
 15341 | D:9      | Reached *** piety under Okawaru
 15854 | D:9      | Reached skill level 10 in Short Blades
 15854 | D:9      | Reached skill level 13 in Stealth
 15993 | D:9      | Found a burning altar of Makhleb.
 16273 | D:9      | Found an ancient bone altar of Kikubaaqudgha.
 16287 | D:9      | Reached **** piety under Okawaru
 16287 | D:9      | Reached XP level 11. HP: 61/63 MP: 15/15
 16966 | D:10     | Entered Level 10 of the Dungeon
 18455 | D:11     | Noticed an unseen horror
 18462 | D:11     | Killed an unseen horror
 18469 | D:11     | Reached ***** piety under Okawaru
 18539 | D:11     | Noticed a boulder beetle
 18741 | D:11     | Received a gift from Okawaru
 19010 | D:11     | Reached skill level 10 in Dodging
 19036 | D:11     | Noticed an unseen horror
 19043 | D:11     | Killed an unseen horror
 19290 | D:11     | Noticed Harold
 19322 | D:11     | Killed Harold
 19403 | D:11     | Received a gift from Okawaru
 19701 | D:12     | Found a frozen archway.
 19880 | IceCv    | Entered an ice cave
 20535 | IceCv    | Reached skill level 1 in Evocations
 20540 | IceCv    | Reached XP level 12. HP: 54/69 MP: 16/16
 20986 | IceCv    | Reached skill level 14 in Stealth
 20986 | IceCv    | Reached skill level 5 in Invocations
 21086 | IceCv    | Received a gift from Okawaru
 21150 | IceCv    | Received a gift from Okawaru
 21326 | IceCv    | Noticed a frost giant
 21789 | IceCv    | Killed a frost giant
 21789 | IceCv    | Reached skill level 5 in Evocations
 22044 | IceCv    | Got a shimmering scimitar
 22045 | IceCv    | Identified the +3 scimitar of Kismet {venom, rElec rF++ MR-
                  | Stlth-} (You found it in an ice cave)
 22214 | D:12     | Received a gift from Okawaru
 22222 | D:12     | Found a staircase to the Orcish Mines.
 22222 | D:12     | Found Pikieheo's Armour Shoppe.
 22411 | D:12     | Noticed Erolcha
 22414 | D:12     | Killed Erolcha
 22494 | D:13     | Noticed a boulder beetle
 22543 | D:13     | Reached skill level 15 in Stealth
 22659 | D:13     | Noticed a boulder beetle
 22903 | D:12     | Killed a boulder beetle
 23403 | D:12     | Killed a boulder beetle
 23403 | D:12     | Reached ****** piety under Okawaru
 23675 | D:13     | Noticed a tengu warrior
 23747 | D:12     | Reached XP level 13. HP: 73/73 MP: 16/19
 23848 | D:12     | Reached skill level 1 in Shields
 24235 | D:13     | Received a gift from Okawaru
 24747 | D:13     | Reached skill level 1 in Armour
 24876 | D:13     | Found the +2 hat of the Bear Spirit {Spirit, +Rage rN+
                  | MR++}
 26507 | D:14     | Received a gift from Okawaru
 26600 | D:14     | Identified a scroll of acquirement
 26600 | D:14     | Acquired a +9 quick blade
 26640 | D:14     | Noticed Frances
 26698 | D:14     | Killed Frances
 26837 | D:14     | Noticed an ironheart preserver
 26875 | D:14     | Killed an ironheart preserver
 26875 | D:14     | Reached XP level 14. HP: 69/80 MP: 16/20
 26933 | D:14     | Found a gate to the Vaults.
 27278 | D:15     | Entered Level 15 of the Dungeon
 27323 | D:15     | Found a staircase to the Depths.
 27662 | D:15     | Noticed Agnes
 27947 | D:15     | Killed Agnes
 28094 | Orc:1    | Entered Level 1 of the Orcish Mines
 28107 | Orc:1    | Noticed Jorgrun
 28118 | Orc:1    | Found Rakopsa's Book Emporium.
 28775 | Orc:1    | Killed Jorgrun
 28775 | Orc:1    | Received a gift from Okawaru
 28778 | Orc:1    | Got a shadowed robe {god gift}
 28789 | Orc:1    | Identified the +0 robe "Meat" {Int+5 Dex+4} (Okawaru gifted
                  | it to you on level 1 of the Orcish Mines)
 29087 | Orc:2    | Entered Level 2 of the Orcish Mines
 29091 | Orc:2    | Found a staircase to the Elven Halls.
 29198 | Orc:2    | Noticed a stone giant
 29221 | Orc:2    | Reached skill level 15 in Dodging
 29243 | Orc:2    | HP: 1/81 [stone giant/large rock (35)]
 29639 | Orc:2    | Killed a stone giant
 29900 | Orc:2    | Found a roughly hewn altar of Beogh.
 29904 | Orc:2    | Found Kyvuow's Antique Armour Shoppe.
 30221 | Orc:2    | Bought a glowing buckler for 187 gold pieces
 30283 | Orc:2    | Found a roughly hewn altar of Beogh.
 30286 | Orc:2    | Found Vinoeti's Weapon Shop.
 30657 | Orc:2    | Found a roughly hewn altar of Beogh.
 30933 | Orc:2    | Noticed an orc warlord
 31596 | Orc:2    | Killed an orc warlord
 31596 | Orc:2    | Reached skill level 5 in Shields
 31921 | Orc:2    | Found Xiuhy's Antique Weapon Boutique.
 31922 | Orc:2    | Found a roughly hewn altar of Beogh.
 32002 | Orc:2    | Found Hear Sum's Antique Armour Shop.
 32009 | Orc:2    | Bought a glowing hat for 182 gold pieces
 32070 | Orc:2    | Found a roughly hewn altar of Beogh.
 32246 | Lair:1   | Entered Level 1 of the Lair of Beasts
 33480 | Lair:2   | Found a staircase to the Shoals.
 33509 | Lair:2   | Received a gift from Okawaru
 34731 | Lair:3   | Reached skill level 16 in Stealth
 34911 | Lair:3   | Reached XP level 15. HP: 64/88 MP: 18/22
 35563 | Lair:2   | Reached skill level 17 in Stealth
 36090 | Lair:3   | Found a hole to the Spider Nest.
 37001 | Lair:4   | Reached skill level 18 in Stealth
 38065 | Lair:5   | Received a gift from Okawaru
 38523 | Lair:4   | Reached skill level 19 in Stealth
 38793 | Lair:5   | Received a gift from Okawaru
 39407 | Lair:5   | Found a staircase to the Slime Pits.
 39903 | Lair:6   | Entered Level 6 of the Lair of Beasts
 39916 | Lair:6   | Reached skill level 20 in Stealth
 40800 | Lair:6   | Reached skill level 10 in Fighting
 41504 | Lair:6   | Got a vibrating steel ring
 41506 | Lair:6   | Identified the ring "Oniomp" {rElec rN+ Int+4 Stlth+} (You
                  | found it on level 6 of the Lair of Beasts)
 41568 | Lair:6   | Got a glittering graven amulet
 41574 | Lair:6   | Identified the amulet "Bioniyd" {Faith rPois Int-2 Dex+4}
                  | (You found it on level 6 of the Lair of Beasts)
 42794 | D:15     | Reached skill level 10 in Invocations
 43121 | D:15     | Received a gift from Okawaru
 43130 | D:15     | Reached XP level 16. HP: 94/94 MP: 24/24
 44839 | Spider:1 | Entered Level 1 of the Spider Nest
 44891 | Spider:1 | Noticed Donald
 44918 | Spider:1 | Killed Donald
 46088 | Spider:1 | Acquired a manual of Invocations
 47117 | Spider:2 | Received a gift from Okawaru
 48334 | Spider:2 | Learned a level 2 spell: Swiftness
 48491 | Spider:2 | Reached skill level 1 in Air Magic
 51264 | Spider:3 | Received a gift from Okawaru
 51268 | Spider:3 | Got tiger eye-studded quicksilver dragon scales {god gift}
 51297 | Spider:2 | Identified the quicksilver dragon scales "Dicax" {+Blink
                  | rC+ MR+ Int-2 Dex+4} (Okawaru gifted it to you on level 3
                  | of the Spider Nest)
 51866 | Spider:4 | Entered Level 4 of the Spider Nest
 52507 | Spider:4 | Reached XP level 17. HP: 67/100 MP: 17/25
 52969 | Spider:4 | Reached skill level 5 in Armour
 52982 | Spider:4 | Noticed Louise
 53520 | Spider:3 | Killed Louise
 55294 | Spider:3 | Received a gift from Okawaru
 56661 | Spider:4 | Identified the Guide on the Lethal Compass
 56797 | Spider:4 | Got a gossamer rune of Zot
 57115 | Shoals:1 | Entered Level 1 of the Shoals
 57672 | Shoals:1 | Found Haanood's Antique Weapon Boutique.
 57892 | Shoals:1 | Found Qiteas's Antique Armour Shop.
 58315 | Shoals:1 | Identified the +11 hunting sling "Diclu" {venom, rF+ MR++}
                  | (You found it on level 1 of the Shoals)
 58749 | Shoals:2 | Noticed Ilsuiw
 58772 | Shoals:2 | Received a gift from Okawaru
 58910 | Shoals:2 | Found Hytelobb's Distillery.
 58915 | Shoals:2 | Killed Ilsuiw
 59016 | Shoals:2 | Bought a potion of haste for 100 gold pieces
 59016 | Shoals:2 | Bought a potion of haste for 100 gold pieces
 59016 | Shoals:2 | Bought a potion of mutation for 80 gold pieces
 59016 | Shoals:2 | Bought a potion of heal wounds for 50 gold pieces
 59016 | Shoals:2 | Bought a potion of curing for 30 gold pieces
 59016 | Shoals:2 | Bought a potion of heal wounds for 50 gold pieces
 59016 | Shoals:2 | Bought a potion of mutation for 80 gold pieces
 59016 | Shoals:2 | Bought a potion of curing for 30 gold pieces
 59469 | Shoals:2 | Received a gift from Okawaru
 59631 | Shoals:2 | Reached XP level 18. HP: 103/105 MP: 28/30
 59711 | Shoals:2 | Reached skill level 15 in Invocations
 59810 | Shoals:2 | Found Hakadugu's Armour Shoppe.
 60113 | Shoals:2 | Found Reakhleke's Distillery.
 60139 | Shoals:2 | Bought a potion of heal wounds for 60 gold pieces
 60139 | Shoals:2 | Bought 2 potions of haste for 240 gold pieces
 60139 | Shoals:2 | Bought a potion of curing for 36 gold pieces
 60139 | Shoals:2 | Bought a potion of haste for 120 gold pieces
 60139 | Shoals:2 | Bought a potion of heal wounds for 60 gold pieces
 60182 | Shoals:2 | Found Noongiar's Armour Emporium.
 60191 | Shoals:2 | Found Qeist's Jewellery Emporium.
 60294 | Shoals:3 | Found a flickering gateway to a bazaar.
 60294 | Shoals:3 | Noticed Aizul
 60348 | Shoals:3 | Killed Aizul
 60357 | Shoals:3 | Received a gift from Okawaru
 60375 | Bazaar   | Entered a bazaar
 60375 | Bazaar   | Found Plog's Armour Boutique.
 60375 | Bazaar   | Found Resav's Distillery.
 60387 | Bazaar   | Found Ytishash's Book Shoppe.
 60413 | Bazaar   | Found Astrehed's Weapon Emporium.
 60513 | Bazaar   | Bought a potion of haste for 90 gold pieces
 60513 | Bazaar   | Bought a potion of might for 36 gold pieces
 60513 | Bazaar   | Bought a potion of might for 36 gold pieces
 60513 | Bazaar   | Bought a potion of curing for 27 gold pieces
 60513 | Bazaar   | Bought a potion of haste for 90 gold pieces
 60513 | Bazaar   | Bought 2 potions of curing for 54 gold pieces
 60513 | Bazaar   | Bought a potion of heal wounds for 45 gold pieces
 60704 | Shoals:3 | Acquired a manual of Stealth
 61616 | Shoals:4 | Entered Level 4 of the Shoals
 61616 | Shoals:4 | Found Ranlies's General Store.
 61616 | Shoals:4 | Noticed Nikola
 61617 | Shoals:4 | Killed Nikola
 61691 | Shoals:4 | Reached skill level 21 in Stealth
 61844 | Shoals:4 | Bought a book of Party Tricks for 850 gold pieces
 61846 | Shoals:4 | Learned a level 1 spell: Apportation
 61850 | Shoals:4 | Learned a level 3 spell: Lesser Beckoning
 61884 | Shoals:4 | Reached skill level 1 in Translocations
 62260 | Shoals:4 | Received a gift from Okawaru
 62294 | Shoals:4 | Identified the +3 rapier of Qyat Zoor {flame, rElec rC+
                  | Dex-5} (You found it on level 4 of the Shoals)
 62988 | Shoals:4 | Reached skill level 5 in Translocations
 63072 | Shoals:4 | Reached skill level 22 in Stealth
 63169 | Shoals:4 | Noticed Polyphemus
 63932 | Shoals:4 | Killed Polyphemus
 64856 | Shoals:4 | Got a barnacled rune of Zot
 65676 | Shoals:4 | Learned a level 4 spell: Passage of Golubria
 65676 | Shoals:4 | Upgraded the game from 0.26-a0-663-g36e8fdb655 to
                  | 0.26-a0-664-gc8b27b8fc1
 65945 | Depths:1 | Entered Level 1 of the Depths
 66032 | Depths:1 | Found a gateway to Hell.
 67245 | Depths:1 | Reached skill level 23 in Stealth
 67467 | D:15     | Reached XP level 19. HP: 82/110 MP: 24/32
 68334 | Vaults:1 | Entered Level 1 of the Vaults
 68417 | Vaults:1 | Received a gift from Okawaru
 69892 | Vaults:1 | Reached skill level 24 in Stealth
 70336 | Vaults:1 | You fall into a shaft and drop 1 floor!
 70561 | Vaults:1 | Received a gift from Okawaru
 70561 | Vaults:1 | Reached skill level 10 in Translocations
 70889 | Vaults:1 | Received a gift from Okawaru
 71923 | Vaults:1 | Reached skill level 25 in Stealth
 72249 | Vaults:2 | Noticed Bai Suzhen
 72256 | Vaults:2 | Killed Bai Suzhen
 73087 | Vaults:2 | Reached skill level 26 in Stealth
 73676 | Vaults:2 | Identified the cursed +2 dagger of the Scorching Firefly
                  | {vorpal, MR+ Dex+3} (You found it on level 2 of the Vaults)
 73740 | Vaults:2 | Found a burning altar of Makhleb.
 73760 | Vaults:2 | Received a gift from Okawaru
 73836 | Vaults:2 | Identified Keat Xuk's Advanced Guide to Thaumaturgy
 73917 | Vaults:2 | Found a staircase to the Crypt.
 73921 | Vaults:2 | Reached XP level 20. HP: 115/115 MP: 33/33
 74808 | Vaults:3 | Reached skill level 27 in Stealth
 75069 | Vaults:3 | Reached skill level 1 in Spellcasting
 75313 | Vaults:3 | You fall into a shaft and drop 1 floor!
 75822 | Vaults:4 | Reached skill level 5 in Spellcasting
 75956 | Vaults:4 | Received a gift from Okawaru
 77113 | Shoals:1 | Bought an ichor-stained long sword for 263 gold pieces
 77113 | Shoals:1 | Identified the cursed +1 long sword of Triumph {drain,
                  | Str+8 Int-4 Dex+3} (You bought it in a shop on level 1 of
                  | the Shoals)
 77513 | Vaults:3 | Noticed Sojobo
 77627 | Vaults:2 | HP: 3/115 [Sojobo/the air (28)]
 77646 | Vaults:2 | Killed Sojobo
 78668 | Vaults:3 | Killed from afar by a deep elf annihilator

Illustrated notes

Levels and vault maps discovered:
D:1:      minmay_arrival_cross, layout_loops_ring, nicolae_ashenzari_panopticon
D:2:      layout_basic, gammafunk_temple_overflow_elements, serial_corexii_hall,
          corexii_hall_statues_l, chequers_hall_statues_wall_a,
          minmay_quadrilaterals
D:3:      layout_loops_corners
D:4:      layout_cave_pools, trog_wizard, uniq_natasha
D:5:      layout_basic, portal_sewer_entry_f, uniq_crazy_yiuf_cottage
D:6:      layout_loops_ring, kennysheep_mini, serial_shops, nicolae_shop_crystal
D:7:      layout_basic, minitemple, minmay_temple_entry_drinking_statues
D:8:      kennysheep_housing_project, layout_basic,
          eat_drink_and_be_merry_uskayaw, lemuel_round_altar,
          erik_lair_orcish_takeover, uniq_maurice
D:9:      wander_kiku_kobolds, layout_gridville, nicolae_overflow_crystal_walls,
          grunt_ministairs_10, patterned_corridor
D:10:     layout_roguey, ebering_dispersal_statue_hall, hangedman_tell_no_tales
D:11:     layout_roguey, minmay_beelzebubs_servants, uniq_harold
D:12:     layout_roguey, orc_david_3, portal_ice_cave_entry_imps,
          minmay_crystal_room, uniq_erolcha
D:13:     layout_cave_pools
D:14:     cheibrodos_fzero, layout_loops_ring, skrybe_vaults_entry_preservation,
          grunt_decor_one_mirror, kennysheep_generic_room_13, uniq_frances
D:15:     gammafunk_depths_entry_grave, layout_loops_ring, columned_hall_lemuel,
          uniq_agnes
Temple:   nicolae_temple_figure_eight
Lair:1:   layout_cave_pods
Lair:2:   layout_misc_corridors, minmay_shoals_entry_centaurs,
          chequers_serial_rivers_large_b, worms_lemuel, lemuel_fruit_tree,
          serial_bayou_shore_b, serial_bayou_shore_b
Lair:3:   layout_cave_pods, spider_nest_entry_webs,
          grunt_forest_large_clearings, serial_bayou_shore_a, grunt_megastairs_4
Lair:4:   layout_gridlike
Lair:5:   layout_regular_city, dpeg_slime_entry_corner, grunt_megastairs_5,
          minmay_lair_oklob_chamber
Lair:6:   gammafunk_lair_ancient_temple, layout_gridlike
Shoals:1: cheibrodos_shoals_epimethial_gifts, layout_shoals, serial_shops,
          shop_statue, shop
Shoals:2: layout_shoals, serial_shops, nicolae_shop_trees,
          nicolae_shop_waterfront, shop_coins, nicolae_shop_behind_doors, shop,
          uniq_ilsuiw
Shoals:3: layout_shoals, serial_shops, bzr_entry_dummy, uniq_aizul
Shoals:4: shoals_end_simple, layout_shoals, serial_shops, shop, uniq_nikola,
          uniq_polyphemus
Spider:1: layout_spider_delve, spiders_nest_hornet_nest, uniq_donald
Spider:2: layout_spider_delve
Spider:3: layout_spider_delve
Spider:4: guppyfry_spider_rune, uniq_louise
Orc:1:    layout_caves, serial_shops, nicolae_shop_stone, uniq_jorgrun
Orc:2:    grunt_orc_community_town_hall, layout_caves,
          grunt_orc_community_big_house_2, grunt_orc_community_big_house_1,
          grunt_orc_community_house_2, grunt_orc_community_house_3,
          grunt_orc_community_house_2, grunt_orc_community_house_2
Vaults:1: hangedman_vaults_corner, v_misc_27, nicolae_vaults_alarming,
          special_room_vaults [special_room_orc], hangedman_vaults_unwind,
          v_alt_pattern_5, v_rooms_3, grunt_vaults_focal,
          nicolae_vaults_rhombus_5, vaults_room_pool, layout_vaults_chaotic_city
Vaults:2: v_alt_pattern_3, minmay_crypt_entry_simple_walls,
          vaults_room_ringed_pool, v_pattern_3, v_misc_32, vaults_room_fours,
          nicolae_vaults_yaktaur_gun_rack, layout_vaults_omnigrid, basic_altar,
          uniq_bai_suzhen
Vaults:3: nicolae_vaults_network_s, nicolae_vaults_windows_and_doors_thing,
          vaults_dpeg_hooks, st_squares, nicolae_vaults_ring_of_whatevers,
          vaults_mumra_lcd, dpeg_vaults_monster_box, grunt_vaults_diagonal,
          vaults_room_large_hall, nicolae_vaults_triangles, v_misc_4,
          hangedman_vaults_trim, grunt_vaults_hallway_long,
          grunt_vaults_hallway_short, ontoclasm_vaults_loading_screen,
          v_alt_pattern_3, layout_vaults_maze_bifur, uniq_sojobo
Vaults:4: vaults_standard_mumra_lines, nicolae_vaults_ninety_degrees,
          dpeg_vaults_monster_row, st_octagons_1, hangedman_vaults_snaps,
          ontoclasm_vaults_twist, nicolae_vaults_hallways_thing,
          vaults_mumra_minichess_inversion, v_misc_12,
          nicolae_vaults_little_squares_6, ontoclasm_vaults_fault,
          vaults_room_semicircle, vaults_dpeg_spiral, vaults_dpeg_ring,
          nicolae_vaults_little_squares_3, layout_vaults_omnibox, basic_altar,
          serial_shops, nicolae_shop_crystal
Depths:1: layout_cave_shapes, chequers_serial_rivers_room_b, serial_shops, shop,
          hell_entry, minmay_mirror_moons_of_madness, minmay_shop_grove

Skill      XL: |  1  2  3  4  5  6  7  8  9 10 11 12 13 14 15 16 17 18 19 20 |
---------------+-------------------------------------------------------------+-----
Dodging        | 2 3 4 6 7 13 14 15 17 | 17.1
Fighting       | 2 3 4 6 7 8 9 10 11 | 11.4
Short Blades   | 3 4 5 6 7 9 10 11 12 13 14 | 14.2
Stealth        | 6 7 8 9 13 15 16 20 23 26 27 | 27.0
Throwing       | 3 4 |  4.3
Slings         | 5 6 |  6.2
Invocations    | 4 6 7 9 10 14 17 | 17.5
Evocations     | 1 7 8 |  8.6
Shields        | 4 5 8 |  8.0
Armour         | 4 8 9 |  9.6
Air Magic      | 3 |  3.1
Translocations | 7 10 12 | 12.9
Spellcasting   | 6 |  6.7

Action                   |  1- 3 |  4- 6 |  7- 9 | 10-12 | 13-15 | 16-18 | 19-21 || total
-------------------------+-------+-------+-------+-------+-------+-------+-------++-------
Melee: Dagger            |    63 |   362 |   759 |       |       |       |       ||  1184
       Rapier            |       |       |       |  1043 |   391 |   160 |       ||  1594
       Punch             |       |       |       |     3 |       |       |       ||     3
       Short sword       |       |       |       |   182 |       |       |       ||   182
       Quick blade       |       |       |       |       |  3275 |  5077 |  2928 || 11280
 Fire: Hunting sling     |       |       |    78 |    13 |    15 |   183 |       ||   289
Throw: Dart              |    19 |    69 |   163 |    96 |   126 |    72 |    36 ||   581
       Throwing net      |       |       |     3 |     3 |     1 |       |       ||     7
 Cast: Lesser Beckoning  |       |       |       |       |       |     2 |     2 ||     4
       Apportation       |       |       |       |       |       |       |     1 ||     1
Invok: Heroism           |       |       |       |     6 |    20 |    15 |     4 ||    45
       Finesse           |       |       |       |       |     2 |     5 |     2 ||     9
 Abil: Evoke Berserk Rag |       |       |       |       |     7 |    10 |     2 ||    19
       Evoke Blink       |       |       |       |       |       |     2 |     2 ||     4
Evoke: Wand              |       |       |     9 |    13 |    12 |    34 |    12 ||    80
  Use: Scroll            |     2 |     6 |     5 |    10 |    21 |    15 |     9 ||    68
       Potion            |       |       |     7 |     2 |       |     8 |     8 ||    25
 Stab: Sleeping          |    12 |    18 |    18 |    34 |    67 |    38 |    74 ||   261
       Distracted        |     1 |     1 |     4 |     5 |     4 |    10 |     5 ||    30
       Held in net/web   |       |       |       |     1 |       |       |       ||     1
       Paralysed         |       |       |       |       |     2 |     1 |       ||     3
Armor: Robe              |     5 |    49 |    35 |    60 |    76 |    54 |       ||   279
       Quicksilver drago |       |       |       |       |       |   232 |    94 ||   326
Dodge: Dodged            |    41 |   318 |   488 |  1024 |  1452 |  2679 |   860 ||  6862
       Repelled          |       |       |       |       |       |     1 |     4 ||     5
Block: Buckler           |       |       |       |       |   936 |  2353 |  1053 ||  4342
       Reflection        |       |       |       |       |       |    84 |    28 ||   112

Table legend: (Time is in decaauts)
 A = Elapsed time spent in this place.
 B = Non-inter-level travel time spent in this place.
 C = Inter-level travel time spent in this place.
 D = Time resting spent in this place.
 E = Time spent auto-exploring this place.
 F = Levels seen in this place.
 G = Mean time per level.
                   A        B        C        D        E       F      G
               +--------+--------+--------+--------+--------+-----+--------+
         Total |  59138 |  57219 |   1919 |  27335 |  17805 |  40 | 1478.4 |
       Dungeon |  22189 |  21145 |   1044 |   9971 |   6681 |  15 | 1479.3 |
        Temple |    147 |    117 |     30 |      0 |    116 |   1 |  147.0 |
          Lair |   7305 |   7046 |    259 |   2634 |   3056 |   6 | 1217.5 |
        Shoals |   6610 |   6518 |     92 |   2812 |   2337 |   4 | 1652.5 |
   Spider Nest |   9439 |   9302 |    137 |   5907 |   1832 |   4 | 2359.8 |
  Orcish Mines |   2918 |   2867 |     51 |   1054 |   1121 |   2 | 1459.0 |
        Vaults |   6575 |   6273 |    302 |   2748 |   1986 |   4 | 1643.8 |
        Depths |    252 |    252 |      0 |      0 |     65 |   1 |  252.0 |
        Bazaar |    108 |    108 |      0 |      0 |     82 |   1 |  108.0 |
         Sewer |   1661 |   1661 |      0 |    905 |    353 |   1 | 1661.0 |
      Ice Cave |   1930 |   1930 |      0 |   1302 |    171 |   1 | 1930.0 |
               +--------+--------+--------+--------+--------+-----+--------+

Top non-repeatable levels by time:
    D:15: 3739 daAuts
Spider:3: 3328 daAuts
Vaults:2: 2903 daAuts
Shoals:3: 2408 daAuts
Spider:1: 2401 daAuts
Vaults:1: 2309 daAuts
     D:8: 2101 daAuts
Spider:2: 1940 daAuts
   IceCv: 1930 daAuts
    D:12: 1921 daAuts
   Orc:2: 1886 daAuts
Spider:4: 1768 daAuts
Shoals:4: 1752 daAuts
  Lair:5: 1708 daAuts
    D:13: 1692 daAuts
